 Dungeon Crawl Stone Soup version 0.21-a0-229-g3587535 (webtiles) character file.

1817 roguesci the Chiller (level 8, 0/66 HPs)
             Began as a Pale Draconian Ice Elementalist on Sept 1, 2017.
             Was a Priest of Okawaru.
             Slain by an unseen horror (10 damage)
             ... on level 5 of the Dungeon.
             The game lasted 00:24:07 (6350 turns).

roguesci the Chiller (DrIE)                         Turns: 6350, Time: 00:24:08

Health: 0/66       AC:  6    Str: 10    XL:     8   Next: 85%
Magic:  12/13      EV: 18    Int: 17    God:    Okawaru [***...]
Gold:   335        SH:  2    Dex: 13    Spells: 10/14 levels left

rFire    . . .     SeeInvis .   t - +1 falchion (vamp)
rCold    . . .     Gourm    .   (no shield)
rNeg     . . .     Faith    .   (armour unavailable)
rPois    .         Spirit   .   (helmet restricted)
rElec    .         Reflect  +   (no cloak)
rCorr    .         Harm     .   (no gloves)
MR       .....                  (no boots)
Stlth    ++++......             d - +2 amulet of reflection
HPRegen  0.21/turn              (no ring)
MPRegen  0.13/turn              (no ring)

@: about to teleport, heroism
A: breathe steam, unfitting armour, cold-blooded, AC +6
a: Breathe Steam, Heroism, Renounce Religion


You were on level 5 of the Dungeon.
You worshipped Okawaru.
Okawaru was most pleased with you.
You were not hungry.

You visited 1 branch of the dungeon, and saw 5 of its levels.

You collected 335 gold pieces.

Inventory:

Hand Weapons
 i - a +2 short sword of venom
 t - a +1 vampiric falchion (weapon)
Missiles
 e - 238 stones (quivered)
Jewellery
 d - a +2 amulet of reflection (around neck)
 w - a +2 ring of strength
Wands
 B - a wand of acid (2/15)
 C - a wand of iceblast (10/15)
 D - a wand of lightning (8/15)
Scrolls
 c - 2 scrolls of teleportation
 f - a scroll of recharging {unknown}
 h - a scroll of enchant armour {unknown}
 j - 3 scrolls of identify
 m - 3 scrolls of noise {unknown}
 n - a scroll of fog {unknown}
 o - 4 scrolls of enchant weapon {unknown}
 q - 2 scrolls of immolation {unknown}
 r - a scroll of random uselessness {unknown}
 x - a scroll of amnesia {unknown}
 y - a scroll of fear {unknown}
Potions
 p - a potion of mutation
 s - 2 potions of resistance
 v - a potion of ambrosia
 z - a potion of cancellation
Books
 a - a book of Frost

   Spells                             Type                      Level
   a - Freeze                         Ice                          1
   b - Throw Frost                    Conjuration/Ice              2
   c - Ozocubu's Armour               Charms/Ice                   3
   d - Throw Icicle                   Conjuration/Ice              4
   e - Summon Ice Beast               Ice/Summoning                4
Comestibles
 b - 4 bread rations
 g - a meat ration


   Skills:
 + Level 3.7(8.7) Fighting
 * Level 3.6(8.6) Long Blades
 * Level 4.6(9.6) Dodging
 + Level 4.1(9.1) Stealth
 - Level 2.6(7.6) Unarmed Combat
 + Level 3.6 Spellcasting
   Level 1.0 Conjurations
 * Level 4.4 Charms
 + Level 5.1 Ice Magic


You had 10 spell levels left.
You knew the following spells:

 Your Spells              Type           Power        Failure   Level  Hunger
a - Freeze                Ice            ###.         1%          1    None
b - Ozocubu's Armour      Chrm/Ice       ###.....     7%          3    ###....


Dungeon Overview and Level Annotations

Branches:
Dungeon (5/15)             Temple (0/1) D:4

Altars:
Okawaru


Innate Abilities, Weirdness & Mutations

You can breathe blasts of scalding, opaque steam.
Your pale cyan-grey scales are hard. (AC +6)
You cannot fit into any form of body armour.
You are cold-blooded and may be slowed by cold attacks.


Message History

Deactivating autopickup; reactivate with Ctrl-A.
Something barely misses you.
You hit something but do no damage. Something barely misses you.
Something hits you but does no damage.
You closely miss something. Something hits you! Something hits you.
Something barely misses you.
You closely miss something. Something hits you.
You gain the combat prowess of a mighty hero.
Something hits you!
You hit something.
You feel better. Something hits you.
You swing at nothing.
Something hits you.
You barely miss something. Something barely misses you.
You swing at nothing.
Something barely misses you.
You barely miss something. Something hits you. Something hits you!
* * * LOW HITPOINT WARNING * * *
As you read the scroll of teleportation, it crumbles to dust.
You feel strangely unstable. Something hits you!
* * * LOW HITPOINT WARNING * * *
Something hits you!
You die...

#....#.#..[....................
#....#.#.####.....####..#######
#....#.#.#..##...##..#..#
#......#.#...##.##...#..#
###'####.##...#.#...##..# #.#
#..##.'#.#'.##...#
#.####..O###...###....#
#............8.รท......#
####....p###@..###...##
#.#..##.'#.#')##..#
#.#.##...#.#...##.#
#.#.#...##.##...#.#
#.#.#?.##...##.?#.#
#.#.####..[..####.# ##
#.#...............#######.
#.........................
########....####.#########


You could see an ogre (wandering).

Vanquished Creatures
  Pikel (D:5)
  Sigmund (D:5)
  Eustachio (D:4)
  A phantom (D:4)
  A slave (D:5)
  2 ogres (D:4)
  2 centaurs (D:5)
  A scorpion (D:5)
  4 crimson imps (D:5)
  An orc priest (D:3)
  2 hounds (D:4)
  Ijyb (D:5)
  5 orc wizards
  A hound skeleton (D:4)
  3 gnolls (D:3)
  5 adders
  2 oozes
  An adder zombie (D:5)
  5 worms
  A dart slug (D:5)
  2 leopard geckos
  15 orcs
  A ball python (D:1)
  4 giant cockroaches
  8 goblins
  7 hobgoblins
  9 jackals
  13 kobolds
  10 bats
  4 frilled lizards
  14 rats
128 creatures vanquished.

Vanquished Creatures (others)
  A slave (D:5)
  An orc wizard (D:5)
  An adder (D:5)
  An adder skeleton (D:5)
  An orc (D:5)
  A giant cockroach zombie (D:5)
  A jackal zombie (D:5)
  A leopard gecko zombie (D:5)
8 creatures vanquished.

Grand Total: 136 creatures vanquished

Notes
Turn   | Place    | Note
-------+----------+-------------------------------------------
     0 | D:1      | roguesci the Draconian Ice Elementalist began the quest for the Orb.
     0 | D:1      | Reached XP level 1. HP: 14/14 MP: 3/3
    90 | D:1      | Reached XP level 2. HP: 20/22 MP: 1/5
  1054 | D:1      | Reached skill level 1 in Unarmed Combat
  1141 | D:1      | Reached skill level 1 in Fighting
  1147 | D:1      | Reached XP level 3. HP: 20/28 MP: 6/6
  1152 | D:1      | Learned a level 3 spell: Ozocubu's Armour
  1526 | D:2      | Found an iron altar of Okawaru.
  1569 | D:2      | Became a worshipper of Warmaster Okawaru
  1850 | D:2      | Reached XP level 4. HP: 35/35 MP: 7/7
  3174 | D:3      | Reached XP level 5. HP: 33/41 MP: 8/8
  3211 | D:3      | Reached skill level 1 in Charms
  3769 | D:3      | Reached XP level 6. HP: 19/48 MP: 6/9
  4293 | D:4      | Noticed Eustachio
  4312 | D:4      | Killed Eustachio
  4312 | D:4      | Reached * piety under Okawaru
  4312 | D:4      | Reached skill level 4 in Ice Magic
  4501 | D:4      | Reached skill level 1 in Long Blades
  4501 | D:4      | Your scales start taking on a pale cyan-grey colour.
  4501 | D:4      | Reached XP level 7. HP: 24/56 MP: 9/11
  4778 | D:4      | Found a staircase to the Ecumenical Temple.
  4932 | D:4      | Reached ** piety under Okawaru
  5065 | D:5      | Entered Level 5 of the Dungeon
  5244 | D:5      | Reached XP level 8. HP: 57/62 MP: 9/12
  5282 | D:5      | Noticed Sigmund
  5289 | D:5      | Killed Sigmund
  5353 | D:5      | Noticed Ijyb
  5356 | D:5      | Killed Ijyb
  5515 | D:5      | Reached *** piety under Okawaru
  5663 | D:5      | Noticed Pikel
  5675 | D:5      | Killed Pikel
  5675 | D:5      | Reached skill level 5 in Ice Magic
  6350 | D:5      | Slain by an unseen horror

Vault maps used:
D:1:      dpeg_arrival_renting
D:2:      lemuel_doored_altar
D:3:      minmay_door_path
D:4:      temple_doors_e, first_bread, uniq_eustachio
D:5:      cheibrodos_barr_body, grunt_decor_mini_mirrors, uniq_ijyb, uniq_pikel,
          uniq_sigmund

Skill      XL: |  1  2  3  4  5  6  7  8 |
---------------+-------------------------+-----
Dodging        | 2 3 4 |  4.6
Stealth        | 2 3 4 |  4.1
Unarmed Combat | 1 2 |  2.6
Fighting       | 1 2 3 |  3.7
Charms         | 1 2 3 4 |  4.4
Ice Magic      | 4 5 |  5.1
Long Blades    | 1 2 3 |  3.6
Spellcasting   | 3 |  3.6
Conjurations   | |  1.0

Action                   |  1- 3 |  4- 6 |  7- 9 || total
-------------------------+-------+-------+-------++-------
Melee: Unarmed           |    68 |       |       ||    68
       Tailslap          |    12 |    31 |    26 ||    69
       Short sword       |    64 |   182 |       ||   246
       Punch             |       |     3 |     1 ||     4
       Falchion          |       |    63 |   177 ||   240
Throw: Stone             |       |    14 |       ||    14
 Cast: Freeze            |    10 |     2 |     4 ||    16
       Ozocubu's Armour  |     1 |    10 |    10 ||    21
Invok: Heroism           |       |       |     3 ||     3
 Abil: Breathe Steam     |       |       |     5 ||     5
  Use: Scroll            |     2 |       |     8 ||    10
       Potion            |       |     1 |     5 ||     6
 Stab: Sleeping          |     7 |     3 |     1 ||    11
  Eat: Chunk             |     3 |    10 |     4 ||    17
       Royal jelly       |       |     1 |     1 ||     2
       Meat ration       |       |     1 |       ||     1
Armor: Skin              |    41 |    90 |   121 ||   252
Dodge: Dodged            |    88 |   136 |   110 ||   334
Block: Other             |     1 |    10 |    17 ||    28
       Rpst.: Falchion   |       |    12 |    33 ||    45

Table legend:
 A = Spawn XP
 B = Non-spawn XP
 C = Spawn XP percentage of total XP
 D = Spawn monster count
 E = Non-spawn monster count
 F = Spawn count percentage of total count
 G = Total turns spent on level
                    A         B        C        D         E        F      G
               +---------+---------+-------+---------+---------+-------+---------
         Total |     330 |    2266 |  12.7 |      18 |     109 |  14.2 |  6350
               +---------+---------+-------+---------+---------+-------+---------
           D:1 |      11 |      34 |  24.4 |       7 |      19 |  26.9 |  1378
           D:2 |       3 |      81 |   3.6 |       2 |      20 |   9.1 |  1133
           D:3 |       7 |     264 |   2.6 |       2 |      40 |   4.8 |  1742
           D:4 |     249 |     439 |  36.2 |       2 |      10 |  16.7 |   812
           D:5 |      60 |    1448 |   4.0 |       5 |      20 |  20.0 |  1285
               +---------+---------+-------+---------+---------+-------+---------
